 Dungeon Sprint DCSS version 0.22.1-5-g62c59d9 (webtiles) character file.

30041 nuthulu the Warrior (level 13, -2/139 HPs)
             Began as a Minotaur Berserker on Jan 7, 2019.
             Was the Champion of Trog.
             Killed from afar by a black draconian (4 damage)
             ... with a bolt of lightning
             ... in the Dungeon (Sprint V: "Ziggurat Sprint").
             The game lasted 00:07:03 (809 turns).

nuthulu the Warrior (Minotaur Berserker)             Turns: 809, Time: 00:07:03

Health: -2/139     AC: 36    Str: 39    XL:     13   Next: 18%
Magic:  12/12      EV: 11    Int:  4    God:    Trog [******]
Gold:   0          SH: 37    Dex: 10    Spells: 12/12 levels left

rFire    . . .     SeeInvis +   s - +14 obsidian axe {chop, +Fly SInv *Curse} (curse)
rCold    + . .     Gourm    .   a - +18 shield of the Gong {rElec rN+ MR+ EV-5}
rNeg     + . .     Faith    .   t - +15 Maxwell's patent armour {-Cast -Tele rElec MR+ rCorr}
rPois    +         Spirit   .   (helmet restricted)
rElec    +         Reflect  +   F - scarf {rC+ rF+}
rCorr    +         Harm     .   (no gloves)
MR       ++...     NoTele   +   J - +2 pair of boots {Fly} Stlth ..........NoCast +
                                I - amulet "Kearph" {Reflect +Fly rElec rPois rF- SH+3}
HPRegen  0.33/turn              C - +6 ring of strength
MPRegen  0.13/turn              D - +6 ring of strength

@: flying, mesmerised
A: retaliatory headbutt, horns 2
a: Berserk, Trog's Hand, Brothers in Arms, Renounce Religion, Stop Flying


You were in the Dungeon.
You worshipped Trog.
Trog was exalted by your worship.
You were not hungry.

You visited 1 branch

Inventory:

Hand Weapons
 s - the cursed +14 obsidian axe (weapon) {chop, +Fly SInv *Curse}
   (You found it in the Dungeon)

   It inflicts extra damage upon your enemies.
   It lets you see invisible.
   It lets you fly.
   It curses itself when equipped.
   It has a curse placed upon it.
Armour
 a - the +18 shield of the Gong (worn) {rElec rN+ MR+ EV-5}
   (You found it in the Dungeon)

   It affects your evasion (-5).
   It insulates you from electricity.
   It protects you from negative energy.
   It affects your resistance to hostile enchantments.
 b - a +0 animal skin
 t - the +15 Maxwell's patent armour (worn) {-Cast -Tele rElec MR+ rCorr}
   (You found it in the Dungeon)

   It insulates you from electricity.
   It affects your resistance to hostile enchantments.
   It prevents spellcasting.
   It prevents most forms of teleportation.
   It provides partial protection from all sources of acid and corrosion.
 F - a scarf of resistance (worn)
 G - a +0 pair of boots of flying
 J - a +2 pair of boots of flying (worn)
Jewellery
 y - a +6 ring of dexterity
 z - a +6 ring of dexterity
 A - a +6 ring of intelligence
 B - a +6 ring of intelligence
 C - a +6 ring of strength (left hand)
 D - a +6 ring of strength (right hand)
 E - an uncursed ring of flight
 I - the amulet "Kearph" (around neck) {Reflect +Fly rElec rPois rF- SH+3}
   (You found it in the Dungeon)

   [amulet of reflection]

   It shields you and reflects attacks.
   It makes you vulnerable to fire.
   It insulates you from electricity.
   It protects you from poison.
   It lets you fly.
   It affects your SH (+3).
 K - an uncursed ring of protection from cold
 L - an uncursed ring of protection from magic
 M - a +3 ring of intelligence
 N - a +3 ring of intelligence
Wands
 p - a wand of disintegration (7)
 q - a wand of iceblast (7)
 r - a wand of acid (7)
Scrolls
 i - 4 scrolls of blinking
 m - 7 scrolls of fog
 u - a scroll of holy word
 v - 5 scrolls of identify
 w - 5 scrolls of remove curse
 x - 2 scrolls of fear
 H - 4 scrolls of enchant weapon
Potions
 d - 10 potions of curing
 e - 10 potions of heal wounds
 f - 6 potions of haste
 g - 7 potions of magic
 h - 3 potions of berserk rage
 j - 2 potions of brilliance
 k - 2 potions of invisibility
 l - 4 potions of resistance
 n - 5 potions of agility
 o - 5 potions of might
Comestibles
 c - 7 rations


   Skills:
 + Level 20.2 Fighting
 - Level 18.8 Axes
 + Level 17.4 Armour
 + Level 16.2 Dodging
 - Level 16.5 Shields


You had 12 spell levels left.
You didn't know any spells.
Your spell library was empty.

Dungeon Overview and Level Annotations

Branches:
Dungeon (1/1)

Altars:
Ashenzari
Cheibriados
Dithmenos
Elyvilon
Fedhas
Gozag
Hepliaklqana
Kikubaaqudgha
Makhleb
Nemelex Xobeh
Okawaru
Qazlal
Ru
Sif Muna
Trog
Uskayaw
Vehumet
Wu Jian
Xom
Yredelemnul
Zin
The Shining One
Beogh
Jiyva
Lugonu

Annotations:
D 1 transporter


Innate Abilities, Weirdness & Mutations

You reflexively headbutt those who attack you in melee.
You have a pair of horns on your head.


Message History

The black draconian is almost dead.
Your soul eater hits the black draconian!
You break out of your daze!
The black draconian dies!
Trog accepts your kill.
The black draconian hits you but does no damage.
The electric golem blinks!
Visions of slaying the black draconian flood into your mind.
The yellow draconian is no longer covered in acid.
The yellow draconian throws acid at you.
The glob of acid hits you! You resist.
* * * LOW HITPOINT WARNING * * *
You are splashed with acid!
The acid burns!
You resist.
* * * LOW HITPOINT WARNING * * *
You block the white draconian's attack.
GONNNNG!
Your soul eater closely misses the black draconian.
The black draconian breathes lightning at you.
The bolt of lightning hits you! You resist.
You die...

▓..[.}).:|..▓▓.[[..▓.|)
▓..[|=!}}|..▓▓..)..▓...
▓...........▓▓.....▓...
▓...........▓▓.....▓.††
▓...8.......▓▓.....▓...
▓...........▓▓..©..▓..©
..▓..§d.▓..▓▓▓▓▓▓▓▓▓▓▓
▓.▓3dd▓.▓.▓..8©8...▓.
▓..▓..@3)▓..▓..:})...▓.
▓.....©.)...▓...}....▓.
▓▓▓▓▓▓▓▓▓▓▓▓▓........▓.
▓....8©8....▓....†...▓.
▓..}?.|}[}..▓........▓.
▓...}}[)[[..▓...©....▓.
▓...........▓▓▓▓▓▓▓▓▓▓▓
▓.....(.....▓...8©8.(.▓
▓...()).....▓..|[[....▓


You could see an electric golem, a black draconian, a yellow draconian, a white
draconian, a friendly soul eater and a friendly sixfirhy.

Vanquished Creatures
  3 Orb Guardians (D)
  A deep elf master archer (D)
  A fire giant (D)
  2 stone giants (D)
  2 green draconians (D)
  2 white draconians (D)
  A black draconian (D)
  A yellow draconian (D)
  A centaur warrior (D)
  3 two-headed ogres (D)
  A wolf spider (D)
  3 cyclopes (D)
  A worldbinder (D)
  An elephant (D)
  A spiny frog (D)
  2 yaktaurs (D)
  3 trolls (D)
  2 merfolk (D)
  A jumping spider (D)
  A polar bear (D)
  A blink frog (D)
  A hippogriff (D)
  2 large abominations (D)
  2 tarantellas (D)
  2 fire elementals (D)
  3 water moccasins (D)
  A porcupine (D)
  A hell hound (D)
  3 orc warriors (D)
  A small abomination (D)
  3 necrophages (D)
  2 phantoms (D)
  2 wolves (D)
  2 crocodiles (D)
  5 scorpions (D)
  A wight (D)
  2 crimson imps (D)
  An orc priest (D)
  A white imp (D)
  2 ufetubi (D)
  5 adder zombies (D)
  2 orcs (D)
  2 bat skeletons (D)
  4 giant cockroach zombies (D)
  A leopard gecko zombie (D)
  2 quokka skeletons (D)
  A quokka zombie (D)
  A fire vortex (D)
89 creatures vanquished.

Vanquished Creatures (collateral kills)
  A black draconian (D)
  A merfolk javelineer (D)
  2 two-headed ogres (D)
  A centaur warrior (D)
  A cyclops (D)
  A yaktaur (D)
  A jumping spider (D)
  A troll (D)
  2 phantoms (D)
  A necrophage (D)
  A centaur (D)
  A scorpion (D)
  A quasit (D)
  A bat skeleton (D)
  A bat zombie (D)
17 creatures vanquished.

Vanquished Creatures (others)
  A cyclops (D)
  A yaktaur (D)
  2 centaurs (D)
4 creatures vanquished.

Grand Total: 110 creatures vanquished

Notes
Turn   | Place    | Note
-------+----------+-------------------------------------------
     0 | D        | Found the +6 Majin-Bo {vamp, Archmagi MP+6 Int+6}
     0 | D        | Found the +7 great mace "Firestarter" {inner flame, rF++}
     0 | D        | nuthulu the Minotaur Berserker began the quest for the Orb.
     0 | D        | Reached XP level 1. HP: 19/19 MP: 0/0
     1 | D        | Found a blossoming altar of Fedhas.
     2 | D        | Found a deep blue altar of Sif Muna.
     2 | D        | Found a sacrificial altar of Ru.
     2 | D        | Found a bloodstained altar of Trog.
     2 | D        | Found a stormy altar of Qazlal.
     2 | D        | Found an iron altar of Okawaru.
     2 | D        | Found a sparkling altar of Nemelex Xobeh.
     8 | D        | Found an ancient bone altar of Kikubaaqudgha.
     8 | D        | Found a corrupted altar of Lugonu.
     8 | D        | Found a transporter.
     8 | D        | Found a burning altar of Makhleb.
     8 | D        | Found a viscous altar of Jiyva.
     8 | D        | Found a hazy altar of Hepliaklqana.
     9 | D        | Found an opulent altar of Gozag.
    17 | D        | Found the +9 heavy crossbow "Sniper" {velocity, Acc+∞ SInv}
    17 | D        | Found the +10 dark maul {crush}
    17 | D        | Found the +15 Maxwell's patent armour {-Cast -Tele rElec
                  | MR+ rCorr}
    17 | D        | Found the +18 shield of the Gong {rElec rN+ MR+ EV-5}
    17 | D        | Found the cursed +14 obsidian axe {chop, +Fly SInv *Curse}
    42 | D        | Found the +6 shillelagh "Devastator" {shatter}
    42 | D        | Found the +11 plutonium sword {*Contam Stlth-}
    42 | D        | Found the +8 lance "Wyrmbane" {slay drac, rPois rF+ rC+
                  | AC+3}
    42 | D        | Found the +9 sword of Zonguldrok {reap}
    42 | D        | Found the cursed +13 scythe of Curses {drain, *Curse}
    42 | D        | Found the +0 sword of Power
    42 | D        | Found the +7 mace of Variability {chain chaos}
    42 | D        | Found the +7 Singing Sword
    42 | D        | Found the +7 longbow "Piercer" {penet, EV-2}
    42 | D        | Reached skill level 9 in Fighting
    42 | D        | Reached XP level 2. HP: 37/37 MP: 1/1
    71 | D        | Entered arena 2.
    71 | D        | Noticed a jumping spider
    71 | D        | Noticed a scorpion
    71 | D        | Found a transporter.
    72 | D        | Found the +9 staff of Wucad Mu {channel}
    72 | D        | Found the +8 demon blade "Bloodbane" {slice, *Rage +Rage
                  | Stlth-}
    74 | D        | Killed a scorpion
    74 | D        | Reached skill level 10 in Fighting
    74 | D        | Reached skill level 5 in Axes
    74 | D        | Reached XP level 3. HP: 46/46 MP: 2/2
    76 | D        | Killed a jumping spider
    76 | D        | Reached skill level 11 in Fighting
    76 | D        | Reached skill level 1 in Shields
    76 | D        | Reached XP level 4. HP: 56/56 MP: 3/3
    76 | D        | Reached XP level 5. HP: 62/62 MP: 4/4
    82 | D        | Entered arena 3.
    82 | D        | Noticed a tarantella
    82 | D        | Noticed a tarantella
    82 | D        | Found a transporter.
    84 | D        | Killed a tarantella
    84 | D        | Reached ** piety under Trog
    84 | D        | Reached skill level 12 in Fighting
    84 | D        | Reached skill level 10 in Axes
    84 | D        | Reached skill level 5 in Armour
    84 | D        | Reached XP level 6. HP: 71/71 MP: 5/5
    85 | D        | Killed a tarantella
    85 | D        | Reached skill level 13 in Fighting
    85 | D        | Reached skill level 5 in Dodging
    85 | D        | Reached XP level 7. HP: 79/79 MP: 6/6
    91 | D        | Entered arena 4.
    91 | D        | Found a transporter.
    96 | D        | Reached *** piety under Trog
   111 | D        | Entered arena 5.
   111 | D        | Noticed a fire elemental
   111 | D        | Noticed a fire elemental
   111 | D        | Found a transporter.
   114 | D        | Killed a fire elemental
   114 | D        | Reached **** piety under Trog
   114 | D        | Reached XP level 8. HP: 85/88 MP: 7/7
   119 | D        | Reached skill level 14 in Fighting
   119 | D        | Reached skill level 5 in Shields
   131 | D        | Entered arena 6.
   131 | D        | Found a transporter.
   136 | D        | Reached ***** piety under Trog
   136 | D        | Noticed an ice devil
   138 | D        | Received a gift from Trog
   155 | D        | Entered arena 7.
   156 | D        | Found a transporter.
   168 | D        | Got the amulet "Kearph" {Reflect +Fly rElec rPois rF- SH+3}
   176 | D        | Entered arena 8.
   176 | D        | Noticed a jumping spider
   176 | D        | Noticed a wolf spider
   177 | D        | Found the +8 trident of the Octopus King {venom, rElec
                  | rPois MR+}
   177 | D        | Found a transporter.
   181 | D        | Killed a wolf spider
   181 | D        | Reached XP level 9. HP: 86/96 MP: 8/8
   186 | D        | Killed a jumping spider
   186 | D        | Reached ****** piety under Trog
   186 | D        | Reached skill level 15 in Fighting
   186 | D        | Reached skill level 10 in Armour
   219 | D        | Entered arena 9.
   219 | D        | Noticed a cyclops
   219 | D        | Noticed a merfolk
   219 | D        | Noticed a merfolk
   219 | D        | Noticed a cyclops
   220 | D        | Found a transporter.
   221 | D        | Killed a cyclops
   230 | D        | Killed a cyclops
   230 | D        | Reached skill level 10 in Dodging
   231 | D        | Killed a merfolk
   231 | D        | Received a gift from Trog
   233 | D        | Killed a merfolk
   233 | D        | Reached XP level 10. HP: 96/107 MP: 9/9
   272 | D        | Entered arena 10.
   273 | D        | Found a transporter.
   277 | D        | Received a gift from Trog
   279 | D        | Received a gift from Trog
   287 | D        | Entered arena 11.
   288 | D        | Found a transporter.
   295 | D        | Received a gift from Trog
   307 | D        | Entered arena 12.
   307 | D        | Noticed a worldbinder
   309 | D        | Found a transporter.
   310 | D        | Reached skill level 10 in Shields
   312 | D        | Noticed a necromancer
   313 | D        | Received a gift from Trog
   320 | D        | Killed a worldbinder
   321 | D        | Reached skill level 16 in Fighting
   372 | D        | Entered arena 13.
   372 | D        | Noticed a stone giant
   372 | D        | Noticed a stone giant
   373 | D        | Noticed a merfolk javelineer
   373 | D        | Noticed a centaur warrior
   373 | D        | Noticed a centaur warrior
   373 | D        | Noticed a deep elf master archer
   374 | D        | Found a transporter.
   378 | D        | Killed a deep elf master archer
   378 | D        | Reached skill level 15 in Axes
   379 | D        | Received a gift from Trog
   380 | D        | Killed a stone giant
   380 | D        | Reached skill level 17 in Fighting
   380 | D        | Reached XP level 11. HP: 22/117 MP: 10/10
   380 | D        | Killed a merfolk javelineer
   381 | D        | Killed a stone giant
   381 | D        | Killed a centaur warrior
   381 | D        | Received a gift from Trog
   383 | D        | Killed a centaur warrior
   711 | D        | Entered arena 14.
   719 | D        | Received a gift from Trog
   724 | D        | Received a gift from Trog
   726 | D        | Found a transporter.
   734 | D        | Entered arena 15.
   735 | D        | Noticed a two-headed ogre
   735 | D        | Noticed a two-headed ogre
   735 | D        | Noticed a two-headed ogre
   735 | D        | Noticed a two-headed ogre
   736 | D        | Noticed a two-headed ogre
   736 | D        | Noticed a fire giant
   737 | D        | Found a transporter.
   742 | D        | Killed a two-headed ogre
   743 | D        | Killed a two-headed ogre
   743 | D        | Killed a two-headed ogre
   743 | D        | Received a gift from Trog
   743 | D        | Reached skill level 15 in Shields
   743 | D        | Reached XP level 12. HP: 127/127 MP: 11/11
   744 | D        | Killed a two-headed ogre
   746 | D        | Killed a two-headed ogre
   749 | D        | Received a gift from Trog
   750 | D        | Killed a fire giant
   778 | D        | Entered arena 16.
   779 | D        | Noticed an Orb Guardian
   779 | D        | Noticed a white draconian
   779 | D        | Noticed a black draconian
   779 | D        | Noticed an Orb Guardian
   779 | D        | Noticed a black draconian
   779 | D        | Noticed a yellow draconian
   779 | D        | Noticed a green draconian
   779 | D        | Noticed a white draconian
   779 | D        | Noticed an electric golem
   780 | D        | Noticed a white draconian
   780 | D        | Noticed an Orb Guardian
   780 | D        | Noticed a yellow draconian
   780 | D        | Noticed a black draconian
   780 | D        | Noticed a green draconian
   781 | D        | Found a transporter.
   787 | D        | Killed an Orb Guardian
   787 | D        | Reached skill level 18 in Fighting
   788 | D        | Killed an Orb Guardian
   788 | D        | Reached skill level 15 in Armour
   790 | D        | Killed a black draconian
   794 | D        | Killed a yellow draconian
   794 | D        | Reached skill level 19 in Fighting
   798 | D        | Killed an Orb Guardian
   798 | D        | Received a gift from Trog
   798 | D        | Reached skill level 15 in Dodging
   799 | D        | Killed a white draconian
   799 | D        | Killed a green draconian
   799 | D        | Reached XP level 13. HP: 33/139 MP: 12/12
   805 | D        | Killed a white draconian
   806 | D        | Killed a green draconian
   806 | D        | Reached skill level 20 in Fighting
   808 | D        | Killed a black draconian
   809 | D        | HP: 2/139 [acid (6)]
   809 | D        | Killed from afar by a black draconian

Skill      XL: |  1  2  3  4  5  6  7  8  9 10 11 12 13 |
---------------+----------------------------------------+-----
Fighting       | 9 10 11 12 13 14 15 17 19 20 | 20.2
Axes           | 5 8 10 11 12 14 15 17 18 | 18.8
Armour         | 3 4 5 7 9 11 13 14 16 17 | 17.4
Dodging        | 4 5 6 8 10 12 13 15 16 | 16.2
Shields        | 1 2 4 7 9 12 15 16 | 16.5

Action                   |  1- 3 |  4- 6 |  7- 9 | 10-12 | 13-15 || total
-------------------------+-------+-------+-------+-------+-------++-------
Melee: Broad axe         |     5 |     2 |    41 |    68 |     8 ||   124
       Headbutt          |     1 |       |    10 |    17 |     1 ||    29
  Use: Potion            |     1 |       |       |       |       ||     1
 Stab: Distracted        |       |       |     1 |       |       ||     1
Armor: Plate armour      |     2 |       |    15 |    23 |     2 ||    42
Dodge: Dodged            |       |       |     4 |    16 |     4 ||    24
Block: Shield            |     8 |     1 |    69 |   127 |    11 ||   216
       Reflection        |       |       |     9 |    19 |       ||    28
